Map: Dusk Towers

Players

LilDicky

  • Race: Zerg Zerg
  • League: Diamond

Getz - Winner!

  • Race: Protoss Protoss
  • League: Gold

VOD

http://www.twitch.tv/tumescentpie

Description

Time

  • Played on: Dec. 15, 2015, 9:34 p.m.
  • Length: 3:02
Show
View Real Time Build Order
Export as new Build Order

LilDicky Zerg 

Build Orders: Pool Only 

Get SALT Encoding   

  12  0:22  Spawning Pool  
  11  0:52  Overlord  
  11  1:11  Zergling x6  
  14  1:41  Zergling x2  
  14  1:42  Zergling x2  
  14  1:44  Queen  
  19  1:47  Zergling x2  
  19  2:07  Zergling x2  
  19  2:08  Zergling x2  
  21  2:36  Zergling x2  
Show
View Real Time Build Order
Export as new Build Order

Getz Protoss - Winner!

Build Orders:  

Get SALT Encoding   

  12  0:01  Probe (Chrono Boost)  
  13  0:11  Probe (Chrono Boost)  
  14  0:19  Pylon  
  14  0:22  Probe (Chrono Boost)  
  15  0:37  Probe (Chrono Boost), Gateway  
  16  0:47  Probe (Chrono Boost)  
  17  0:50  Assimilator  
  17  0:58  Probe (Chrono Boost)  
  18  1:04  Pylon  
  18  1:08  Probe (Chrono Boost)  
  19  1:19  Probe (Chrono Boost)  
  20  1:29  Cybernetics Core  
  20  1:32  Gateway, Zealot  
  22  1:35  Probe (Chrono Boost)  
  23  1:42  Assimilator  
  23  1:56  Gateway  
  23  2:09  Adept  
  23  2:13  Gateway  
  25  2:22  Mothership Core (Chrono Boost)  
  24  2:38  Pylon  
Tags
 
Add a new tag
Caveats
  • Supply blocks, unpowered buildings, or Contaminate may cause inaccurate times.
  • Supply counts are checked every 10 seconds.